Construct Infanterie Kompanie
Construct Luftwaffe Kompanie
Marder III M Tank Destroyer
Luftwaffe Officer Quarters
Marder III M Tank Destroyer
Marder III M Tank Destroyer
Selects Luftwaffe Battlegroup
Selects Stuka Strafing Run
Selects Fallschirmjäger Squad Paradrop
Marder III M Tank Destroyer
Selects Luftwaffe Pioneer Support
Selects LG40 Recoilless Gun Paradrop
Selects Flak 36 Anti-tank Gun Emplacement
Marder III M Tank Destroyer
Fallschirmjäger Squad Paradrop
Fallschirmpioneer Squad Paradrop
Infanterie Officer Quarters
Construct Panzergrenadier Kompanie
Fallschirmpioneer Squad Paradrop